 Dungeon Crawl Stone Soup version 0.18.1-50-g88ac8fd (webtiles) character file.

28170 wyrdjoy the Executioner (level 13, -21/142 HPs)
             Began as a Minotaur Berserker on May 7, 2017.
             Was a High Priest of Trog.
             Demolished by Rupert
             ... wielding a +3 great mace of venom
              (30 damage)
             ... on level 4 of the Lair of Beasts.
             The game lasted 00:51:38 (16143 turns).

wyrdjoy the Executioner (Minotaur Berserker)       Turns: 16143, Time: 00:51:38

Health: -21/142    AC: 20    Str: 29    XL:     13   Next: 8%
Magic:  12/12      EV:  8    Int:  4    God:    Trog [*****.]
Gold:   300        SH:  0    Dex: 13    Spells: 0 memorised, 12 levels left

rFire  + . .     SeeInvis .     b - +3 battleaxe
rCold  . . .     Gourm    .     g - +0 plate armour
rNeg   . . .     Faith    .     (shield currently unavailable)
rPois  +         Spirit   .     (helmet restricted)
rElec  .         Dismiss  .     Z - +2 cloak
rCorr  .         Reflect  .     (no gloves)
SustAt .         Harm     .     p - +1 pair of boots
MR     .....                    (no amulet)
Stlth  ..........               Y - ring of protection from fire
                                V - +4 ring of protection

@: berserking, very quick, not resistant to hostile enchantments, extremely
unstealthy
A: retaliatory headbutt, horns 2, mutation resistance 1, poison resistance
a: Berserk, Trog's Hand, Brothers in Arms, Burn Spellbooks, Renounce Religion


You were on level 4 of the Lair of Beasts.
You worshipped Trog.
Trog was extremely pleased with you.
You were hungry.

You visited 2 branches of the dungeon, and saw 16 of its levels.
You also visited: Sewer.

You collected 850 gold pieces.
You spent 550 gold pieces at shops.

Inventory:

Hand Weapons
 b - a +3 battleaxe (weapon)
 J - a +2 whip of freezing
 P - a +2 antimagic broad axe
Armour
 g - a +0 plate armour (worn)
 p - a +1 pair of boots (worn)
 Z - a +2 cloak (worn)
Jewellery
 r - an uncursed ring of resist corrosion
 y - an uncursed ring of protection from cold
 H - an uncursed ring of positive energy
 L - an uncursed ring of sustain attributes
 V - a +4 ring of protection (left hand)
 Y - a ring of protection from fire (right hand)
Wands
 j - a wand of iceblast (7/15)
 m - a wand of confusion (22/48)
 v - a wand of lightning (7/15)
 C - a wand of disintegration (14/24)
 K - a wand of teleportation (2/9)
Scrolls
 a - 3 scrolls of immolation {unknown}
 c - a scroll of silence {unknown}
 d - 4 scrolls of magic mapping {unknown}
 e - 3 scrolls of enchant weapon {unknown}
 f - 2 scrolls of identify
 k - 3 scrolls of remove curse
 o - 4 scrolls of recharging
 q - 14 scrolls of teleportation
 s - a scroll of blinking
 u - 2 scrolls of fog {unknown}
 F - 3 scrolls of random uselessness {unknown}
 O - 2 scrolls of fear {unknown}
 T - a scroll of vulnerability {unknown}
Potions
 h - a potion of mutation
 l - 3 potions of agility
 t - 5 potions of flight
 w - a potion of brilliance
 x - 2 potions of invisibility
 z - 2 potions of ambrosia
 A - 4 potions of heal wounds
 B - 3 potions of curing
 D - 4 potions of haste
Books
 i - a book of Clouds

   Spells                             Type                      Level
   a - Mephitic Cloud                 Conjuration/Poison/Air       3
   b - Conjure Flame                  Conjuration/Fire             3
   c - Poisonous Cloud                Conjuration/Poison/Air       6
   d - Freezing Cloud                 Conjuration/Ice/Air          6
   e - Ring of Flames                 Charms/Fire                  7
   Trog disapproves of the use of such an item.
 M - a book of the Earth

   Spells                             Type                      Level
   a - Leda's Liquefaction            Hexes/Earth                  4
   b - Bolt of Magma                  Conjuration/Fire/Earth       5
   c - Statue Form                    Transmutation/Earth          6
   d - Iron Shot                      Conjuration/Earth            6
   e - Shatter                        Earth                        9
   Trog disapproves of the use of such an item.
 N - an Akashic Record

   Spells                             Type                      Level
   a - Dispersal                      Translocation                6
   b - Malign Gateway                 Summoning/Translocation      7
   c - Disjunction                    Translocation                8
   d - Controlled Blink               Translocation                8
   Trog disapproves of the use of such an item.
 U - a book of the Dragon

   Spells                             Type                      Level
   a - Flame Tongue                   Conjuration/Fire             1
   b - Cause Fear                     Hexes                        4
   c - Bolt of Fire                   Conjuration/Fire             6
   d - Dragon Form                    Transmutation                7
   e - Dragon's Call                  Summoning                    9
   Trog disapproves of the use of such an item.
Comestibles
 n - 11 meat rations
 I - a beef jerky


   Skills:
 - Level 3.6 Fighting
 + Level 23.4 Axes
 - Level 2.4 Armour
 - Level 2.1 Dodging


You had 12 spell levels left.
You didn't know any spells.

Dungeon Overview and Level Annotations

Branches:
Dungeon (13/15)            Temple (0/1) D:7            Lair (4/8) D:11
    Orc (0/2) D:12
  Swamp: Lair:3-6    Shoals: Lair:3-6     Snake: Lair:3-6    Spider: Lair:3-6
 Vaults: D:13-14

Altars:
Dithmenos
Elyvilon
Gozag
Kikubaaqudgha
Nemelex Xobeh
Pakellas
Qazlal
Trog
Yredelemnul
Zin
The Shining One

Shops:
D:6 *   D:11 =

Annotations:
D:8 Prince Ribbit
Lair:4 Rupert


Innate Abilities, Weirdness & Mutations

You reflexively headbutt those who attack you in melee.
You have a pair of horns on your head.
You are somewhat resistant to further mutation.
Your system is resistant to poisons.


Message History

You feel sick.
You closely miss Rupert. You headbutt Rupert, but do no damage.
Rupert is moderately wounded.
You slash the fungus!
You destroy the fungus!
You hit the plant but do no damage.
The plant is severely damaged.
You feel less confused.
You feel sick.
Rupert hits you with a great mace of venom.
Drink which item? (? for menu, Esc to quit)
You feel better.
Rupert hits you with a great mace of venom!!
* * * LOW HITPOINT WARNING * * *
Unknown command.
A red film seems to cover your vision as you go berserk!
You feel yourself moving faster!
You feel mighty!
You are feeling hungry.
Rupert hits you with a great mace of venom!!
You die...

..........
.........#
..........
.........#
.........#
.........###
!.........P# ##.
.......<..##.P..
....(..@@....PP.
.........P.#P...
........#### P.
.........
.........
........##
........P
...%.....
.......


You could see Rupert (berserk).

Vanquished Creatures
  The ghost of valhalheru the Blocker, a journeyman MiFi of Gozag (Lair:3)
  Josephine (D:11)
  2 hydras
  Erolcha (D:12)
  Erica (D:10)
  A death yak (D:9)
  Pikel (D:7)
  2 necromancers (D:11)
  A hill giant (D:12)
  A griffon (D:9)
  A black mamba (Lair:2)
  5 spiny frogs
  6 centaur skeletons
  2 kobold demonologists (D:11)
  A komodo dragon (Lair:1)
  A troll (D:10)
  2 two-headed ogres
  9 polar bears
  Grinder (D:3)
  8 blink frogs
  5 slime creatures (D:12)
  2 flying skulls (D:11)
  4 shadows
  Grum (D:11)
  6 yaks (D:12)
  5 wraiths (D:11)
  2 wyverns
  3 basilisks
  5 hippogriffs
  A mottled dragon (D:12)
  7 water moccasins
  5 porcupines
  2 orc warriors
  2 slaves (D:7)
  A sky beast (D:11)
  An ice beast (D:10)
  2 necrophages
  5 black bears
  7 wolves
  4 phantoms
  5 ogres
  8 centaurs
  10 crocodiles
  3 big kobolds
  12 giant frogs
  2 gnoll sergeants
  2 wyvern skeletons (D:11)
  2 scorpions
  5 killer bees
  5 wights (D:11)
  8 howler monkeys
  A crimson imp (D:12)
  2 centaur zombies
  A giant frog zombie (D:6)
  4 hounds
  4 giant frog skeletons
  3 jellies
  A wasp zombie (D:11)
  4 orc priests
  4 orc wizards
  Crazy Yiuf (D:7)
  Jessica (D:2)
  9 iguanas
  4 worker ants
  A killer bee zombie (D:11)
  A sheep (D:9)
  5 hound skeletons
  A worker ant zombie (D:11)
  2 howler monkey zombies (D:11)
  Robin (D:2)
  7 gnolls
  11 adders
  A howler monkey skeleton (D:6)
  15 river rats
  2 shadow imps
  3 oozes (D:2)
  A worm (D:2)
  2 dart slugs (D:1)
  6 giant geckos
  26 orcs
  9 bats
  5 giant cockroaches
  23 goblins
  11 hobgoblins
  12 jackals
  A quokka (D:12)
  5 giant newts
  18 kobolds
  22 rats
  2 fungi
412 creatures vanquished.

Vanquished Creatures (others)
  6 fungi (D:11)
6 creatures vanquished.

Grand Total: 418 creatures vanquished

Notes
Turn   | Place    | Note
--------------------------------------------------------------
     0 | D:1      | wyrdjoy the Minotaur Berserker began the quest for the Orb.
     0 | D:1      | Reached XP level 1. HP: 19/19 MP: 0/0
   324 | D:1      | Reached skill level 4 in Axes
   598 | D:1      | Reached XP level 2. HP: 26/26 MP: 1/1
   895 | D:2      | Noticed Jessica
   900 | D:2      | Killed Jessica
   900 | D:2      | Reached skill level 5 in Axes
   900 | D:2      | Reached XP level 3. HP: 30/31 MP: 2/2
   931 | D:2      | Reached ** piety under Trog
  1275 | D:2      | Reached XP level 4. HP: 39/39 MP: 3/3
  1321 | D:2      | Reached skill level 6 in Axes
  1492 | D:2      | Found a sparkling altar of Nemelex Xobeh.
  1583 | D:2      | Noticed Robin
  1597 | D:2      | Reached *** piety under Trog
  1609 | D:2      | Killed Robin
  1609 | D:2      | Reached XP level 5. HP: 45/45 MP: 4/4
  1812 | D:3      | Noticed Grinder
  1828 | D:3      | Reached skill level 7 in Axes
  1835 | D:3      | Killed Grinder
  1835 | D:3      | Reached skill level 8 in Axes
  1835 | D:3      | Reached XP level 6. HP: 12/51 MP: 5/5
  2212 | D:3      | Found a stormy altar of Qazlal.
  2296 | D:3      | Found a white marble altar of Elyvilon.
  2564 | D:4      | Reached skill level 9 in Axes
  2841 | D:4      | Reached **** piety under Trog
  2870 | D:4      | Found a glowing drain.
  2874 | Sewer    | Entered a sewer
  2994 | Sewer    | Reached XP level 7. HP: 36/57 MP: 6/6
  3159 | Sewer    | Found a white marble altar of Elyvilon.
  3299 | D:4      | Reached skill level 10 in Axes
  3310 | D:4      | You fall through a shaft for 2 floors!
  3401 | D:6      | Found an opulent altar of Gozag.
  3405 | D:6      | Found Gozag's Platinum Reserve.
  3591 | D:6      | Reached skill level 11 in Axes
  3845 | D:6      | Reached XP level 8. HP: 64/64 MP: 7/7
  4388 | D:7      | Reached skill level 12 in Axes
  5129 | D:7      | Noticed Crazy Yiuf
  5133 | D:7      | Killed Crazy Yiuf
  5356 | D:7      | Noticed Pikel
  5370 | D:7      | Killed Pikel
  5370 | D:7      | Reached skill level 13 in Axes
  5466 | D:7      | Found a staircase to the Ecumenical Temple.
  5605 | D:8      | Found a basalt altar of Yredelemnul.
  5662 | D:8      | Reached XP level 9. HP: 48/69 MP: 8/8
  5671 | D:8      | Reached skill level 14 in Axes
  5891 | D:8      | Found an ancient bone altar of Kikubaaqudgha.
  5891 | D:8      | Noticed Prince Ribbit
  5893 | D:8      | Found a bloodstained altar of Trog.
  6174 | D:8      | Found an oddly glowing altar of Pakellas.
  6174 | D:8      | Found a shadowy altar of Dithmenos.
  6174 | D:8      | Found a glowing golden altar of the Shining One.
  6852 | D:9      | Found a huge runed gate.
  6853 | D:9      | Found a huge runed gate.
  6854 | D:9      | Noticed a polar bear
  6968 | D:9      | Found a huge runed gate.
  6968 | D:9      | Noticed a polar bear
  6968 | D:9      | Noticed a polar bear
  6969 | D:9      | Found a huge runed gate.
  6969 | D:9      | Noticed a polar bear
  6969 | D:9      | Noticed a polar bear
  6970 | D:9      | Noticed a polar bear
  6970 | D:9      | Noticed a death yak
  6970 | D:9      | Noticed a griffon
  6971 | D:9      | Noticed a polar bear
  6972 | D:9      | Noticed a polar bear
  7011 | D:9      | Reached skill level 15 in Axes
  7018 | D:9      | Killed a polar bear
  7027 | D:9      | Killed a death yak
  7027 | D:9      | Reached skill level 16 in Axes
  7029 | D:9      | Killed a polar bear
  7029 | D:9      | Reached ***** piety under Trog
  7317 | D:9      | Reached XP level 10. HP: 76/76 MP: 9/9
  7517 | D:9      | Reached skill level 17 in Axes
  7749 | D:9      | Killed a griffon
  7749 | D:9      | Reached skill level 18 in Axes
  8148 | D:9      | Found a glowing silver altar of Zin.
  8149 | D:9      | Found an opulent altar of Gozag.
  8279 | D:10     | Entered Level 10 of the Dungeon
  8415 | D:10     | Got a twisted hand axe
  8416 | D:10     | Identified the cursed +1 hand axe of Ynuar {chop, MP-9 Dex+4} (You found it on level 10 of the Dungeon)
  9137 | D:10     | Noticed Erica
  9159 | D:10     | Killed Erica
  9159 | D:10     | Reached XP level 11. HP: 47/81 MP: 1/10
  9460 | D:11     | Noticed Grum
  9475 | D:11     | Killed Grum
  9475 | D:11     | Reached skill level 19 in Axes
  9574 | D:11     | Noticed a necromancer
  9589 | D:11     | Killed a necromancer
  9592 | D:11     | Noticed a necromancer
  9598 | D:11     | Killed a necromancer
  9623 | D:11     | Found Wuer Zij's Jewellery Emporium.
 10100 | D:11     | Received a gift from Trog
 10157 | D:11     | Reached skill level 20 in Axes
 10222 | D:11     | Noticed Josephine
 10254 | D:11     | Killed Josephine
 11200 | D:11     | Noticed a four-headed hydra
 11208 | D:11     | Killed a four-headed hydra
 11208 | D:11     | Reached skill level 21 in Axes
 11471 | D:11     | Gained mutation: Your system is resistant to poisons. [potion of mutation]
 11471 | D:11     | Gained mutation: You are somewhat resistant to further mutation. [potion of mutation]
 11515 | D:11     | Got a smelly scale mail
 11526 | D:11     | Identified the cursed +1 scale mail of Puetixy {rPois Str+3 Stlth-} (You found it on level 11 of the Dungeon)
 11663 | D:11     | Reached XP level 12. HP: 87/89 MP: 11/11
 11688 | D:11     | Found a staircase to the Lair.
 11861 | D:12     | Received a gift from Trog
 12158 | D:12     | Noticed Erolcha
 12165 | D:12     | Killed Erolcha
 12241 | D:12     | Found a white marble altar of Elyvilon.
 12245 | D:12     | Found a staircase to the Orcish Mines.
 12527 | D:12     | Reached skill level 22 in Axes
 12756 | Lair:1   | Entered Level 1 of the Lair of Beasts
 13908 | D:11     | Bought an uncursed ring of protection from fire for 275 gold pieces
 13908 | D:11     | Bought an uncursed ring of protection from cold for 275 gold pieces
 14398 | Lair:2   | Received a gift from Trog
 15209 | Lair:3   | Reached skill level 23 in Axes
 15427 | Lair:3   | Noticed a six-headed hydra
 15436 | Lair:3   | Killed a six-headed hydra
 15597 | Lair:3   | Reached XP level 13. HP: 83/94 MP: 12/12
 15952 | Lair:3   | Noticed valhalheru's ghost (journeyman MiFi)
 15970 | Lair:3   | Killed valhalheru's ghost
 16130 | Lair:4   | Noticed Rupert
 16143 | Lair:4   | Demolished by Rupert

Skill      XL: |  1  2  3  4  5  6  7  8  9 10 11 12 |
---------------+-------------------------------------+-----
Axes           | 4 5 6 8 9 11 13 16 18 21 23 | 23.4
Fighting       | |  3.6
Armour         | |  2.4
Dodging        | |  2.1

Action                   |  1- 3 |  4- 6 |  7- 9 | 10-12 | 13-15 || total
-------------------------+-------+-------+-------+-------+-------++-------
Melee: Hand axe          |    61 |   167 |   155 |   113 |       ||   496
       Headbutt          |     5 |    26 |    50 |   164 |     7 ||   252
       Whip              |       |       |   159 |   146 |       ||   305
       Battleaxe         |       |       |       |   404 |    40 ||   444
Invok: Berserk           |       |     2 |     7 |    16 |     2 ||    27
       Burn Spellbooks   |       |       |     1 |     2 |       ||     3
Evoke: Wand              |       |       |     1 |     1 |       ||     2
  Use: Scroll            |       |       |       |    23 |       ||    23
       Potion            |       |       |       |     1 |     1 ||     2
  Eat: Chunk             |     1 |     8 |    13 |    39 |     2 ||    63
       Fruit             |       |       |     4 |     3 |       ||     7
       Pizza             |       |       |     1 |     1 |       ||     2
       Beef jerky        |       |       |     1 |       |     1 ||     2
Armor: Ring mail         |    19 |    57 |    56 |       |       ||   132
       Animal skin       |     1 |       |       |       |       ||     1
       Chain mail        |       |       |    25 |   188 |       ||   213
       Scale mail        |       |       |    22 |     2 |       ||    24
       Plate armour      |       |       |       |   150 |    13 ||   163
Dodge: Dodged            |    28 |   101 |   120 |   212 |     4 ||   465
